 Dungeon Crawl Stone Soup version 0.30.0-29-ga12c61a403 (webtiles) character file.

Game seed: 17565372216190559154

160511 Mefist the Frost Mage (level 16, 0/76 HPs)
             Began as a Deep Elf Ice Elementalist on June 14, 2023.
             Was a Priest of Sif Muna.
             Slain by a +1 vampiric executioner's axe (31 damage)
             ... on level 2 of the Elven Halls on June 15, 2023.
             The game lasted 02:30:51 (40237 turns).

Mefist the Frost Mage (Deep Elf Ice Elementalist)  Turns: 40237, Time: 02:30:52

Health: 0/76       AC:  9    Str:  2    XL:     16   Next: 92%
Magic:  25/35      EV: 22    Int: 41    God:    Sif Muna [***...]
Gold:   513        SH:  5    Dex: 15    Spells: 3/41 levels left

rFire   . . .        c - staff of conjuration
rCold   . . .        T - orb {guile}
rNeg    . . .        H - +2 robe "Xiomistragu" {rElec Regen+ Str-3 Slay+4}
rPois   .            o - +1 hat {SInv}
rElec   +            f - +0 cloak
rCorr   .            Q - +0 pair of gloves
SInv    +            h - +2 pair of slick slippers {slick, slippery, EV+4}
Will    .....        L - amulet of reflection
Stlth   +++++        s - +6 ring of intelligence
HPRegen 1.12/turn    Z - +6 ring of intelligence
MPRegen 0.24/turn

%: reflection
@: no status effects
A: no striking features
}: 1/15 runes: serpentine
a: Renounce Religion, Channel Magic, Forget Spell


You were on level 2 of the Elven Halls.
You worshipped Sif Muna.
Sif Muna was most pleased with you.
You visited 7 branches of the dungeon, and saw 29 of its levels.

You collected 2659 gold pieces.
You spent 2146 gold pieces at shops.

Inventory:

Hand Weapons
 W - the +11 short sword "Dilozadi" {vamp, rPois rF+ rCorr}
   (You found it on level 3 of the Snake Pit)

   rF:        It protects you from fire.
   rPois:     It protects you from poison.
   rCorr:     It protects you from acid and corrosion.
Missiles
 U - 3 throwing nets
Armour
 f - a +0 cloak (worn)
 h - the +2 pair of slick slippers (worn) {slick, slippery, EV+4}
   (You bought it in a shop on level 1 of the Snake Pit)

   Slick:     Its wearer cannot be constricted, engulfed, netted or webbed.
   Slippery:  Its wearer slips away from damaging melee attacks, pulling the
   attacker onward.
   EV:        It affects your evasion (+4).
 o - a +1 hat of see invisible (worn)
 H - the +2 robe "Xiomistragu" (worn) {rElec Regen+ Str-3 Slay+4}
   (You found it on level 7 of the Dungeon)

   Str:       It affects your strength (-3).
   Slay:      It affects your accuracy & damage with ranged weapons and melee
   (+4).
   rElec:     It insulates you from electricity.
   Regen:     It increases your rate of health regeneration.
 Q - a +0 pair of gloves (worn)
 T - an orb of guile (worn)
Magical Staves
 c - a staff of conjuration (weapon)
 K - a staff of earth
Jewellery
 d - a ring of protection from fire
 r - a ring of fire
 s - a +6 ring of intelligence (left hand)
 L - an amulet of reflection (around neck)
 M - a ring of fire
 S - an amulet of guardian spirit
 V - a ring of positive energy
 Z - a +6 ring of intelligence (right hand)
Wands
 n - a wand of flame (11)
 D - a wand of iceblast (20)
 I - a wand of quicksilver (13)
 O - a wand of mindburst (18)
 X - a wand of charming (17)
Scrolls
 g - 5 scrolls of teleportation
 k - 2 scrolls of summoning
 p - 2 scrolls of magic mapping
 q - a scroll of fear
 t - 5 scrolls of vulnerability
 v - 5 scrolls of fog
 w - 2 scrolls of enchant armour
 x - 3 scrolls of poison
 y - 2 scrolls of torment
 B - a scroll of brand weapon
 E - 2 scrolls of amnesia {unknown}
 R - 4 scrolls of identify
Potions
 a - 5 potions of curing
 b - 4 potions of magic
 e - 2 potions of cancellation
 i - 2 potions of lignification
 j - 6 potions of haste
 l - 5 potions of flight
 m - 3 potions of heal wounds
 u - 7 potions of mutation
 z - 4 potions of resistance
 A - 5 potions of brilliance
 C - 3 potions of invisibility
 F - 2 potions of berserk rage {unknown}
 G - 2 potions of attraction {unknown}
 N - 12 potions of ambrosia
Miscellaneous
 P - a lightning rod (4/4)


   Skills:
 + Level 11.6 Dodging
 - Level 11.3 Stealth
 + Level 3.0 Shields
 * Level 13.3 Spellcasting
 * Level 11.7 Conjurations
 * Level 14.4 Hexes
 + Level 11.6 Summonings
 * Level 14.8 Ice Magic
 + Level 12.8 Invocations
 + Level 9.7 Evocations


You had 3 spell levels left.
You knew the following spells:

 Your Spells              Type           Power      Damage    Failure   Level
a - Magic Dart            Conj           100%       1d8       0%          1
b - Iskenderun's Battles  Conj           100%       2d15      1%          5
m - Summon Guardian Gole  Hex/Summ       94%        N/A       0%          3
n - Summon Lightning Spi  Summ/Air       66%        N/A       1%          4
o - Tukima's Dance        Hex            98%        N/A       0%          3
p - Enfeeble              Hex            49%        N/A       2%          7
q - Ozocubu's Refrigerat  Ice            49%        4d18      2%          7
w - Freezing Cloud        Conj/Ice/Air   50%        6-21      1%          5
z - Ozocubu's Armour      Ice            99%        N/A       0%          3

Your spell library contained the following spells:

 Spells                   Type           Power      Damage    Failure   Level
 Freeze                   Ice            100%       1d10      0%          1
 Slow                     Hex            100%       N/A       0%          1
 Summon Small Mammal      Summ           100%       N/A       0%          1
 Ensorcelled Hibernation  Hex/Ice        100%       N/A       0%          2
 Searing Ray              Conj           100%       2d8       0%          2
 Dazzling Flash           Conj/Hex       100%       N/A       0%          3
 Frozen Ramparts          Ice            100%       1d16      0%          3
 Apportation              Tloc           54%        N/A       1%          1
 Necrotise                Necr           100%       1d9       1%          1
 Sandblast                Erth           54%        2d13      1%          1
 Shock                    Conj/Air       100%       1d9       1%          1
 Cigotuvi's Dreadful Rot  Necr/Pois/Air  54%        N/A       1%          2
 Passwall                 Tmut/Erth      22%        N/A       1%          2
 Static Discharge         Conj/Air       100%       2-7/arc   1%          2
 Sublimation of Blood     Necr           27%        N/A       1%          2
 Call Canine Familiar     Summ           89%        N/A       1%          3
 Portal Projectile        Hex/Tloc       100%       N/A       1%          3
 Stone Arrow              Conj/Erth      100%       3d13      1%          3
 Gell's Gravitas          Tloc           27%        N/A       3%          3
 Vampiric Draining        Necr           27%        2d7       3%          3
 Vhi's Electric Charge    Tloc/Air       54%        N/A       3%          3
 Volatile Blastmotes      Fire/Tloc      54%        2d14      3%          3
 Anguish                  Hex/Necr       36%        N/A       1%          4
 Fulminant Prism          Conj/Hex       58%        3d24      1%          4
 Iskenderun's Mystic Bla  Conj/Tloc      85%        2d17      1%          4
 Leda's Liquefaction      Hex/Erth       36%        N/A       1%          4
 Summon Ice Beast         Ice/Summ       94%        N/A       1%          4
 Summon Mana Viper        Hex/Summ       94%        N/A       1%          5
 Arcjolt                  Conj/Air       42%        1d52      3%          5
 Fireball                 Conj/Fire      42%        3d17      3%          5
 Orb of Destruction       Conj           55%        9d14      8%          7
 Spellforged Servitor     Conj/Summ      55%        N/A       9%          7
 Airstrike                Air            13%        2d(2-18)  12%         4
 Passage of Golubria      Tloc           27%        N/A       12%         4
 Starburst                Conj/Fire      42%        6d12      16%         6
 Agony                    Necr           27%        N/A       32%         5
 Alistair's Intoxication  Tmut/Pois      18%        N/A       32%         5
 Blade Hands              Tmut           13%        N/A       32%         5
 Borgnjor's Vile Clutch   Necr/Erth      13%        N/A       32%         5
 Lee's Rapid Deconstruct  Erth           13%        3d9*      32%         5
 Eringya's Noxious Bog    Tmut/Pois      13%        N/A       87%         6
 Statue Form              Tmut/Erth      18%        N/A       87%         6
 Maxwell's Capacitive Co  Air            13%        ∞         100%        8


Dungeon Overview and Level Annotations

Branches:
Dungeon (14/15)            Temple (1/1) D:4            Lair (5/5) D:8
  Swamp (0/4) Lair:3        Snake (4/4) Lair:3        Slime (1/5) Lair:4
    Orc (2/2) D:11            Elf (1/3) Orc:2
 Vaults: D:13-14

Altars:
Ashenzari
Cheibriados
Dithmenos
Elyvilon
Fedhas
Gozag
Hepliaklqana
Kikubaaqudgha
Makhleb
Nemelex Xobeh
Okawaru
Qazlal
Ru
Sif Muna
Trog
Uskayaw
Vehumet
Wu Jian
Xom
Yredelemnul
Zin
The Shining One

Shops:
Orc:1 [(   Orc:2 (*!(   Snake:1 [[   Snake:2 ![*!

Annotations:
Lair:3 plant


Message History

The deep elf pyromancer shouts!
The deep elf knight shouts!
The deep elf pyromancer casts a spell at you.
The sticky flame hits you.
You are covered in liquid flames!
Unknown command.
As you read the scroll of teleportation, it crumbles to dust.
You feel strangely unstable.
You are covered in liquid flames!
A +3 heavy war axe comes into view.
A +0 glaive of pain comes into view.
The +0 scimitar of electrocution hits you!
You slip backwards!
Unknown command.
Casting: Enfeeble (dangerous; 2% risk of failure)
Confirm with . or Enter, or press ? or * to list all spells.
A film of ice covers your body!
You are covered in liquid flames!
The +0 scimitar of electrocution completely misses you.
A +1 vampiric executioner's axe comes into view.
The deep elf knight mumbles some strange words.
The deep elf knight seems to speed up.
The heat melts your icy armour.
Casting: Ozocubu's Armour (safe; 0% risk of failure)
Confirm with . or Enter, or press ? or * to list all spells.
Aiming: Tukima's Dance (safe; 0% risk of failure)
Press: ? - help, Shift-Dir - straight line, f - deep elf pyromancer
Aim: a deep elf pyromancer, wielding a +0 dagger and wearing a +0 leather armour (chance to affect: 94%)
Okay, then.
Casting: Tukima's Dance (safe; 0% risk of failure)
Confirm with . or Enter, or press ? or * to list all spells.
Aiming: Enfeeble (dangerous; 2% risk of failure)
Press: ? - help, Shift-Dir - straight line, f - +0 scimitar of electrocution
Aim: a +0 scimitar of electrocution (will inflict weakness)
The +0 scimitar of electrocution partially resists.
The +0 scimitar of electrocution is enfeebled!
Your surroundings seem slightly different.
Your icy armour cracks and falls away as you move.
A +2 scimitar of electrocution comes into view.
The +0 glaive of pain hits you from afar!!
The +1 vampiric executioner's axe hits you!!
You die...

**..........#*
**,,****,*
*,..........##
##...#*,>*
,,...........#
#....*****
,,........e..###...#*
,,............#....##
,,..................#
,,....##.§......(...#
,,.,,**##..(..e((..##
,,,,,,**........@...#
,,,,,,,.............#
,,,,,,........#(...##
,,,,,........###...#*
,,,,.........# #....*
*,,.........## ##..##
**,,,,,,,.,,** **..#*
*,,,,,,,,,,,,***,...*
,,,,,,,,,,,,,,*,,,,,*


You could see a deep elf knight (fast), a deep elf pyromancer and 5 dancing
weapons.

Vanquished Creatures
  Vashnia (Snake:2)
  Jorgrun (Snake:2)
  A quicksilver dragon (Snake:4)
  Roxanne (Snake:2)
  4 nagarajas
  4 salamander tyrants (Snake:4)
  10 anacondas
  2 ogre magi (D:10)
  A boulder beetle (D:12)
  6 naga warriors
  4 death yaks (Lair:3)
  7 orc high priests
  8 naga sharpshooters
  6 shock serpents
  A skyshark (Lair:4)
  2 salamander mystics
  4 naga ritualists
  A deep elf pyromancer (D:12)
  7 orc knights
  6 mana vipers
  An ugly thing (D:11)
  An oklob plant (Lair:3)
  A manticore (D:12)
  12 salamanders
  Maurice (D:9)
  46 black mambas
  A guardian serpent (Snake:3)
  18 elephants
  9 naga magi
  3 torpor snails (Lair:5)
  13 cane toads
  A gargoyle (D:10)
  3 kobold demonologists
  A rime drake (Lair:3)
  8 komodo dragons
  A queen bee (Orc:1)
  A meliai (D:14)
  A dancing weapon (Snake:4)
  A polar bear (Lair:1)
  A wind drake (Lair:5)
  6 trolls
  2 hornets
  6 blink frogs
  A snapping turtle (Lair:5)
  A slime creature (D:10)
  Sigmund (D:4)
  2 wyverns
  31 yaks
  A vampire (D:11)
  A fire elemental (Lair:5)
  3 basilisks
  2 steam dragons
  6 vampire mosquitoes
  Menkaure (D:4)
  3 wargs
  21 nagas
  An acid dragon (D:10)
  8 water moccasins
  32 orc warriors
  4 sky beasts
  4 black bears
  12 wolves
  5 ogres
  2 centaurs
  A kobold brigand (D:11)
  Blork the orc (D:5)
  5 bullfrogs
  A gnoll sergeant (D:9)
  A scorpion (D:6)
  A wight (D:10)
  40 killer bees
  4 howler monkeys
  4 jellies
  A hound (D:6)
  28 orc priests
  2 sleepcaps
  Crazy Yiuf (D:2)
  3 iguanas
  27 orc wizards
  Robin (D:3)
  10 gnolls
  4 adders
  3 ufetubi
  4 worms
  6 dart slugs
  106 orcs
  7 bats
  8 endoplasms
  6 giant cockroaches
  6 hobgoblins
  A nameless horror (Snake:2)
  3 quokkas
  3 training dummies (Orc:1)
  4 ball pythons
  9 frilled lizards
  16 goblins
  8 kobolds
  7 rats
689 creatures vanquished.

Vanquished Creatures (collateral kills)
  A quicksilver dragon (Snake:4)
  Gastronok (D:11)
  2 nagarajas
  Aizul (Snake:1)
  Nessos (D:12)
  A hydra (Lair:4)
  A salamander tyrant (Snake:3)
  The ghost of Tsarbomb the Cleaver, a journeyman DsGl of Okawaru (D:11)
  The ghost of Davadduar the Destroyer, a journeyman DgCj (D:11)
  A merfolk avatar (Lair:5)
  3 two-headed ogres
  2 boulder beetles
  A naga warrior (Snake:4)
  3 naga sharpshooters
  The ghost of lasso the Thaumaturge, a journeyman DECj of Sif Muna (D:11)
  A skyshark (Lair:5)
  The ghost of ripuliukko the Thaumaturge, a novice DEEE of Vehumet (D:8)
  A salamander mystic (Snake:4)
  A lindwurm (Lair:4)
  A cyclops (D:12)
  An ugly thing (D:12)
  2 salamanders
  3 oklob plants
  7 elephants
  3 black mambas
  3 cane toads
  A torpor snail (Lair:5)
  A gargoyle (D:10)
  A rime drake (Lair:5)
  An unseen horror (D:12)
  A komodo dragon (Lair:4)
  2 trolls (D:12)
  2 polar bears
  A meliai (D:14)
  A meliai (shapeshifter) (D:10)
  2 blink frogs
  A wind drake (Lair:5)
  2 slime creatures
  2 shadows (D:12)
  2 wraiths
  13 yaks (Lair:5)
  2 basilisks
  A vampire (D:10)
  3 steam dragons
  2 wargs (D:8)
  6 nagas
  2 water moccasins
  7 orc warriors
  An ice beast (D:8)
  2 centaurs (D:10)
  5 wolves
  2 gnoll sergeants
  A bullfrog (D:7)
  2 wights (D:10)
  An electric eel (Lair:3)
  A lava snake (D:10)
  An orc priest (Orc:2)
  A sleepcap (D:7)
  2 orc wizards (D:10)
  A gnoll (D:7)
  A shadow imp (D:7)
  2 white imps (D:6)
  6 orcs
  An endoplasm (Lair:4)
  A kobold (D:11)
132 creatures vanquished.

Vanquished Creatures (others)
  2 hydras (Lair:5)
  6 dancing weapons
  A mana viper (Snake:2)
  An ugly thing (D:10)
  3 elephants
  2 black mambas
  A guardian serpent (Snake:4)
  A meliai (D:14)
  3 polar bears
  A hornet (D:10)
  3 slime creatures (D:12)
  A vampire (D:10)
  A wyvern (D:10)
  A yak (Lair:1)
  An ice beast (D:7)
  3 gnolls (D:7)
31 creatures vanquished.

Grand Total: 852 creatures vanquished

Notes
Turn   | Place    | Note
-------+----------+-------------------------------------------
     0 | D:1      | Mefist the Deep Elf Ice Elementalist began the quest for
                  | the Orb.
     0 | D:1      | Reached XP level 1. HP: 10/10 MP: 6/6
   179 | D:1      | Reached XP level 2. HP: 15/15 MP: 8/8
   217 | D:1      | Reached skill level 1 in Summonings
   818 | D:1      | Noticed a shining eye
   841 | D:1      | Noticed a shining eye
   850 | D:1      | Found a faded altar of an unknown god.
   852 | D:1      | Noticed a shining eye
   852 | D:1      | Noticed a great orb of eyes
   888 | D:1      | Reached XP level 3. HP: 19/19 MP: 6/9
   892 | D:1      | Learned a level 3 spell: Frozen Ramparts
   896 | D:1      | Learned a level 3 spell: Ozocubu's Armour
  1252 | D:2      | Found a runed translucent door.
  1253 | D:2      | Noticed Crazy Yiuf
  1739 | D:2      | Killed Crazy Yiuf
  1740 | D:2      | Reached skill level 5 in Ice Magic
  1740 | D:2      | Reached XP level 4. HP: 20/24 MP: 2/11
  1903 | D:3      | Noticed Robin
  1912 | D:3      | Killed Robin
  2201 | D:3      | Reached XP level 5. HP: 15/28 MP: 2/12
  2576 | D:4      | Noticed Menkaure
  2576 | D:4      | Found a shadowy altar of Dithmenos.
  2587 | D:4      | Killed Menkaure
  2588 | D:4      | Reached XP level 6. HP: 12/32 MP: 12/14
  2698 | D:4      | Noticed Sigmund
  2709 | D:4      | Killed Sigmund
  2710 | D:4      | Reached XP level 7. HP: 34/36 MP: 3/16
  2715 | D:4      | Learned a level 4 spell: Summon Ice Beast
  2872 | D:4      | Found a glowing silver altar of Zin.
  3238 | D:4      | Found a staircase to the Ecumenical Temple.
  3257 | Temple   | Entered the Ecumenical Temple
  3389 | Temple   | Became a worshipper of Sif Muna the Loreminder
  3602 | D:4      | Reached skill level 5 in Spellcasting
  3983 | D:5      | Entered Level 5 of the Dungeon
  4008 | D:5      | Found a glowing golden altar of the Shining One.
  4267 | D:5      | Noticed Blork the orc
  4275 | D:5      | Killed Blork the orc
  4276 | D:5      | Reached skill level 1 in Invocations
  4377 | D:5      | Reached skill level 1 in Evocations
  4870 | D:5      | Identified the +6 dagger of Taditiwk {holy, Int+4 Stlth+}
  5069 | D:6      | Reached skill level 5 in Summonings
  5086 | D:6      | Reached XP level 8. HP: 41/41 MP: 10/18
  5090 | D:6      | Learned a level 3 spell: Call Canine Familiar
  5184 | D:6      | Reached skill level 5 in Stealth
  5184 | D:6      | Reached skill level 1 in Hexes
  5322 | D:6      | Reached * piety under Sif Muna
  5608 | D:6      | Reached skill level 5 in Dodging
  5682 | D:6      | Found a burning altar of Makhleb.
  6127 | D:6      | Found a hazy altar of Hepliaklqana.
  6199 | D:6      | Learned a level 3 spell: Summon Guardian Golem
  6392 | D:7      | Identified the +2 robe "Xiomistragu" {rElec Regen+ Str-3
                  | Slay+4}
  7055 | D:7      | Reached XP level 9. HP: 33/45 MP: 10/19
  7064 | D:7      | Reached ** piety under Sif Muna
  7296 | D:8      | Found a staircase to the Lair.
  7322 | D:8      | Noticed a two-headed ogre
  7331 | D:8      | Killed a two-headed ogre
  7546 | D:8      | Reached skill level 5 in Hexes
  7586 | D:8      | Found a runed translucent door.
  7586 | D:8      | Found a shimmering altar of Xom.
  7586 | D:8      | Noticed ripuliukko's ghost (novice DEEE)
  7587 | D:8      | Noticed a +1 falchion of chaos
  7845 | D:8      | Reached skill level 5 in Invocations
  9056 | D:8      | Killed a +1 falchion of chaos
  9057 | D:8      | Reached XP level 10. HP: 50/50 MP: 6/22
  9062 | D:8      | Killed ripuliukko's ghost
  9175 | Lair:1   | Entered Level 1 of the Lair of Beasts
  9194 | Lair:1   | Noticed a cane toad
  9198 | Lair:1   | Killed a cane toad
  9312 | Lair:1   | Noticed a cane toad
  9411 | Lair:1   | Noticed a cane toad
  9419 | Lair:1   | Found a shimmering altar of Xom.
  9422 | Lair:1   | Killed a cane toad
  9458 | Lair:1   | Noticed a black mamba
  9464 | Lair:1   | Killed a black mamba
  9648 | Lair:1   | Reached *** piety under Sif Muna
  9668 | Lair:1   | Reached XP level 11. HP: 54/54 MP: 13/24
  9804 | Lair:1   | Reached skill level 1 in Conjurations
 10122 | Lair:1   | Reached skill level 5 in Evocations
 10728 | Lair:2   | Noticed a boulder beetle
 10761 | Lair:2   | Killed a boulder beetle
 10762 | Lair:2   | Reached skill level 10 in Ice Magic
 11620 | Lair:3   | Found a staircase to the Snake Pit.
 11910 | Lair:3   | Reached XP level 12. HP: 36/59 MP: 0/26
 12053 | Lair:3   | Found a staircase to the Swamp.
 12299 | Lair:3   | Noticed a death yak
 12299 | Lair:3   | Noticed a death yak
 12300 | Lair:3   | Noticed a death yak
 12302 | Lair:3   | Noticed a death yak
 12318 | Lair:3   | HP: 1/59 [themself] (9)]
 12318 | Lair:3   | Killed a death yak
 12392 | Lair:3   | Killed a death yak
 12394 | Lair:3   | Reached **** piety under Sif Muna
 12394 | Lair:3   | Killed a death yak
 12395 | Lair:3   | Reached skill level 5 in Conjurations
 12395 | Lair:3   | Killed a death yak
 13297 | Lair:4   | Found a staircase to the Slime Pits.
 13409 | Lair:4   | Noticed a seven-headed hydra
 13418 | Lair:4   | Killed a seven-headed hydra
 13625 | Lair:4   | Learned a level 4 spell: Summon Lightning Spire
 14432 | Lair:4   | Reached XP level 13. HP: 63/63 MP: 14/28
 15022 | Slime:1  | Entered Level 1 of the Pits of Slime
 15026 | Slime:1  | Noticed an acid blob
 15028 | Slime:1  | Noticed a quicksilver ooze
 15167 | Lair:5   | Entered Level 5 of the Lair of Beasts
 15372 | Lair:5   | Reached ***** piety under Sif Muna
 15764 | Lair:5   | Received a gift from Sif Muna
 15765 | Lair:5   | Got Oligi's Codex of Diablerie and Ill Luck {god gift}
 15867 | Lair:4   | Learned a level 7 spell: Ozocubu's Refrigeration
 16069 | Lair:5   | Reached skill level 10 in Invocations
 16232 | Lair:5   | Found a snail-covered altar of Cheibriados.
 16392 | Lair:5   | Reached skill level 10 in Spellcasting
 16444 | Lair:5   | Reached skill level 10 in Hexes
 16827 | Lair:5   | Reached skill level 10 in Stealth
 16833 | Lair:5   | Reached skill level 10 in Summonings
 16876 | Lair:5   | Identified the +8 plate armour "Xissuopa" {rPois rF+}
 16879 | Lair:5   | Identified the +8 trident of Jawel {heavy, +Blink rPois
                  | Str+2 Dex+3}
 17589 | Lair:3   | Identified the amulet "Veluneor" {RegenMP Fly rF- Regen+
                  | Dex-4}
 18206 | D:9      | Noticed Maurice
 18215 | D:9      | Killed Maurice
 18216 | D:9      | Reached XP level 14. HP: 68/68 MP: 21/30
 19223 | D:10     | Entered Level 10 of the Dungeon
 19423 | D:10     | Identified the +3 leather armour "Baock" {-Tele Harm +Inv
                  | rF-}
 19428 | D:10     | Paralysed by something for 3 turns
 20974 | D:10     | Received a gift from Sif Muna
 20977 | D:10     | Got Sif Muna's Vellum of Nonlocality {god gift}
 21576 | D:11     | Found a staircase to the Orcish Mines.
 21843 | D:11     | Found a runed translucent gate.
 21843 | D:11     | Found a runed translucent gate.
 21843 | D:11     | Found a runed translucent gate.
 21845 | D:11     | Noticed lasso's ghost (journeyman DECj)
 21845 | D:11     | Noticed Davadduar's ghost (journeyman DgCj)
 22469 | D:11     | You fall into a shaft and drop 3 floors!
 22714 | D:12     | Reached skill level 10 in Dodging
 23301 | D:12     | Noticed Nessos
 23311 | D:12     | Killed Nessos
 24696 | D:11     | Noticed Gastronok
 24711 | D:11     | Killed Gastronok
 25057 | D:11     | Noticed Tsarbomb's ghost (journeyman DsGl)
 25068 | D:11     | Killed lasso's ghost
 25083 | D:11     | Killed Tsarbomb's ghost
 25089 | D:11     | Killed Davadduar's ghost
 25494 | Orc:1    | Entered Level 1 of the Orcish Mines
 25494 | Orc:1    | Found Cucaj Ywku's Antique Armour Emporium.
 25497 | D:11     | Received a gift from Sif Muna
 25507 | D:11     | Got Weclutsu's Precepts of Combat Magic and Incandescence
                  | {god gift}
 25547 | D:11     | Learned a level 5 spell: Freezing Cloud
 26477 | Orc:1    | Found Suhur's Firing Range.
 27026 | Orc:2    | Entered Level 2 of the Orcish Mines
 27666 | Orc:2    | Reached XP level 15. HP: 71/72 MP: 10/32
 27684 | Orc:2    | Received a gift from Sif Muna
 27751 | Orc:2    | Got Tuoxkuw's Vellum of Evil Obstruction {god gift}
 28620 | Orc:2    | Found a staircase to the Elven Halls.
 29375 | Orc:2    | Found Zuregyos's Weapon Emporium.
 29378 | Orc:2    | Found Vublud's Distillery.
 29379 | Orc:2    | Found Pouciol's Weapon Emporium.
 29380 | Orc:2    | Found Ezeono's Assorted Antiques.
 29384 | Orc:2    | Bought a potion of brilliance for 68 gold pieces
 29384 | Orc:2    | Bought a potion of heal wounds for 85 gold pieces
 29590 | D:8      | Learned a level 1 spell: Magic Dart
 29596 | D:8      | Learned a level 5 spell: Iskenderun's Battlesphere
 29663 | Snake:1  | Entered Level 1 of the Snake Pit
 29718 | Snake:1  | Noticed Aizul
 29731 | Snake:1  | Learned a level 7 spell: Enfeeble
 29750 | Snake:1  | Killed Aizul
 30481 | Snake:1  | Found Surah's Armour Boutique.
 30552 | Snake:1  | Bought the +2 pair of slick slippers {slick, slippery,
                  | EV+4} for 497 gold pieces
 30552 | Snake:1  | Found the +2 pair of slick slippers {slick, slippery, EV+4}
 30718 | Snake:1  | Found Yxtuak's Antique Armour Boutique.
 30889 | Snake:1  | Found Piplufim's Armour Emporium.
 31603 | Snake:2  | Identified Roxanne's Vellum of the Mountains
 31603 | Snake:2  | Noticed Roxanne
 31684 | Snake:2  | Reached skill level 10 in Conjurations
 31837 | Snake:2  | Noticed Jorgrun
 31846 | Snake:2  | Killed Jorgrun
 31955 | Snake:2  | Identified a scroll of acquirement
 31956 | Snake:2  | Acquired a +2 buckler of protection
 32009 | Snake:2  | Noticed Vashnia
 32384 | Snake:2  | Found Etey's Distillery.
 32384 | Snake:2  | Found Ahe Teim's Distillery.
 32386 | Snake:2  | Found Gycixzos's Armour Emporium.
 32390 | Snake:2  | Found Tomocukk's General Store.
 32403 | Snake:2  | Bought a potion of haste for 160 gold pieces
 32403 | Snake:2  | Bought a potion of invisibility for 128 gold pieces
 32403 | Snake:2  | Bought a potion of degeneration for 16 gold pieces
 32403 | Snake:2  | Bought a potion of heal wounds for 80 gold pieces
 32406 | Snake:2  | Bought a scroll of identify for 36 gold pieces
 32406 | Snake:2  | Bought a scroll of poison for 72 gold pieces
 32406 | Snake:2  | Bought a scroll of identify for 36 gold pieces
 32406 | Snake:2  | Bought a scroll of enchant armour for 135 gold pieces
 32409 | Snake:2  | Bought a potion of resistance for 170 gold pieces
 32409 | Snake:2  | Bought a potion of resistance for 170 gold pieces
 32409 | Snake:2  | Bought a potion of mutation for 136 gold pieces
 32409 | Snake:2  | Bought a potion of mutation for 136 gold pieces
 32409 | Snake:2  | Bought a potion of invisibility for 136 gold pieces
 32409 | Snake:2  | Bought a potion of heal wounds for 85 gold pieces
 32601 | Snake:2  | Killed Vashnia
 32743 | Snake:2  | Noticed a nagaraja
 32757 | Snake:2  | Killed a nagaraja
 32758 | Snake:2  | Reached skill level 1 in Shields
 32943 | Snake:2  | Got Sif Muna's Compendium of Turbulent Charms
 33731 | Snake:2  | Killed Roxanne
 34061 | Snake:3  | Identified the +11 short sword "Dilozadi" {vamp, rPois rF+
                  | rCorr}
 34705 | Snake:3  | Reached XP level 16. HP: 76/76 MP: 20/34
 35304 | Snake:3  | Learned a level 3 spell: Tukima's Dance
 36291 | Snake:4  | Entered Level 4 of the Snake Pit
 37841 | Snake:4  | Identified the +0 chain mail "Xiolis" {rF+ Dex+3 Slay+2}
 38041 | Snake:4  | Found a broken altar of Ashenzari.
 38943 | Snake:4  | Noticed a quicksilver dragon
 39112 | Snake:4  | Noticed a quicksilver dragon
 39128 | Snake:4  | Killed a quicksilver dragon
 39181 | Snake:4  | Learned a level 7 spell: Ozocubu's Refrigeration
 39402 | Snake:4  | Killed a quicksilver dragon
 39795 | Snake:4  | Got a serpentine rune of Zot
 40228 | Elf:1    | Entered Level 1 of the Elven Halls
 40233 | Elf:1    | You fall into a shaft and drop 1 floor!
 40237 | Elf:2    | Slain by a +1 vampiric executioner's axe

Illustrated notes

Levels and vault maps discovered:
D:1:      ncdulo_smallfort, layout_basic, hellmonk_ecumenical_altar_watching_god
D:2:      layout_basic, uniq_crazy_yiuf_cottage
D:3:      layout_basic, minmay_lizard_king, uniq_robin
D:4:      layout_basic, mainiacjoe_overflow_cross_hatched, zin_academy,
          minmay_temple_entry_glassed_door, nicolae_ossuary_entry_monument,
          nicolae_hexahallways, amcnicky_mini_corridor_feature,
          grunt_decor_mini_mirrors, kennysheep_another_room, uniq_sigmund,
          uniq_menkaure
D:5:      layout_basic, lemuel_doored_altar, uniq_blork_the_orc
D:6:      layout_loops_ring, makhleb_heckhound_becter,
          nicolae_hepliaklqana_hippocampus, serial_park_tiny_2
D:7:      layout_cave_pods
D:8:      layout_layer_cave, erik_lair_orcish_takeover, ebering_ghost_xom,
          amcnicky_mini_rare_corridor_liquid, minmay_misc_feat_encased
D:9:      layout_stronghold, hellmonk_bongcloud_opening, uniq_maurice
D:10:     nzn_winding_woodlands_three_and_one
          [nzn_winding_woodlands_5x15_sawtooth,
          nzn_winding_woodlands_5x15_longhouse,
          nzn_winding_woodlands_5x15_concentric,
          nzn_winding_woodlands_center_pierced_h], layout_loops_corners,
          special_room [special_room_orc], kennysheep_cross_room
D:11:     layout_stronghold, orc_0_dummy, gammafunk_ghost_cemetery,
          nicolae_kite_square_tiling_tiny, uniq_gastronok
D:12:     layout_cave_pods, uniq_nessos
D:13:     layout_cross, minivault_5, kennysheep_just_a_vault, uniq_snorg
D:14:     layout_roguey, david_vaults_3, nicolae_trove_entry_free_sample,
          serial_ice, serial_ice_m, serial_ice_n, serial_ice_e, serial_ice_f,
          serial_ice_h, serial_ice_a, serial_ice_c, serial_ice_b,
          chequers_serial_rivers_small_b
Temple:   minmay_crystal_spiral_temple
Lair:1:   beast_lair_carwin_large_2, layout_loops_ring, basic_altar,
          minmay_stone_trees_small, grunt_megastairs_1
Lair:2:   layout_gridlike, grunt_megastairs_4
Lair:3:   minmay_lair_oklob_chamber, layout_small_grid, swamp_mist_pool,
          guppyfry_snake_entry_island, nicolae_lair_grazing_beasts
          [nicolae_sub_lair_graze_edge, nicolae_sub_lair_graze_edge,
          nicolae_sub_lair_graze_edge, nicolae_sub_lair_graze_edge],
          serial_bayou_shore_b
Lair:4:   layout_regular_city, nicolae_slime_entry_slimehenge, uniq_rupert
Lair:5:   gammafunk_lair_ancient_temple, layout_gridlike,
          kennysheep_snail_temple
Snake:1:  layout_grid_maze, serial_shops, shop, shop, shop, uniq_aizul
Snake:2:  layout_onion_interference, grunt_ministairs_15, grunt_megastairs_2,
          minmay_shoptagon, uniq_roxanne, uniq_jorgrun, uniq_vashnia
Snake:3:  layout_cave_town, serial_bayou_pond_c
Snake:4:  hellmonk_snake_rune_quicksilver_temple, layout_chambers, basic_altar,
          special_room
Slime:1:  layout_caves
Orc:1:    layout_caves, serial_shops, shop, special_room [special_room_bee],
          nicolae_shop_firing_range
Orc:2:    st_orc_pillars, layout_caves
Elf:1:    minmay_elf_crystal_pentagon, layout_geoelf_octagon, serial_shops,
          nicolae_lakefront_shop, portal_desolation_entry_nicolae_slug,
          orc_legates
Elf:2:    elven_hall_of_blades_hangedman_original [nicolae_blade_lattice],
          layout_loops_corners, serial_shops, nicolae_stop_n_shop_1,
          st_stairs_10

Skill      XL: |  1  2  3  4  5  6  7  8  9 10 11 12 13 14 15 16 |
---------------+-------------------------------------------------+-----
Summonings     | 1 2 3 4 5 6 7 8 9 10 11 | 11.6
Dodging        | 3 4 5 6 7 8 9 10 11 | 11.6
Stealth        | 3 4 5 6 7 8 9 10 11 | 11.3
Ice Magic      | 5 6 7 8 9 10 11 12 13 14 | 14.8
Spellcasting   | 4 5 6 7 8 9 10 11 12 13 | 13.3
Invocations    | 2 3 5 6 8 9 10 11 12 | 12.8
Evocations     | 1 2 3 4 5 6 7 8 9 |  9.7
Hexes          | 3 5 7 8 9 10 11 13 14 | 14.4
Conjurations   | 4 6 7 9 10 11 | 11.7
Shields        | 1 3 |  3.0

Action                     |  1- 3 |  4- 6 |  7- 9 | 10-12 | 13-15 | 16-18 || total
---------------------------+-------+-------+-------+-------+-------+-------++-------
  Melee: Short sword       |     8 |       |       |       |       |       ||     8
         Dagger            |     9 |       |     1 |    70 |   217 |       ||   297
         Punch             |       |       |       |       |     4 |       ||     4
         Trident           |       |       |       |       |     4 |    38 ||    42
   Fire: Sling             |    11 |    68 |   179 |       |       |       ||   258
   Cast: Freeze            |    42 |    20 |    48 |    82 |    94 |       ||   286
         Frozen Ramparts   |     2 |     6 |    31 |    37 |   104 |    26 ||   206
         Ozocubu's Armour  |     1 |     2 |    14 |    26 |    64 |     8 ||   115
         Summon Ice Beast  |       |       |    15 |    19 |    51 |     1 ||    86
         Summon Guardian G |       |       |     8 |    13 |    30 |     1 ||    52
         Call Canine Famil |       |       |     6 |    11 |    18 |       ||    35
         Summon Lightning  |       |       |       |     6 |    91 |     8 ||   105
         Ozocubu's Refrige |       |       |       |       |    13 |    10 ||    23
         Freezing Cloud    |       |       |       |       |   151 |    87 ||   238
         Magic Dart        |       |       |       |       |   165 |    26 ||   191
         Iskenderun's Batt |       |       |       |       |    44 |     6 ||    50
         Enfeeble          |       |       |       |       |    24 |     6 ||    30
         Tukima's Dance    |       |       |       |       |       |    38 ||    38
 Invoke: Channel Magic     |       |       |       |       |    22 |     2 ||    24
         Forget Spell      |       |       |       |       |     2 |     3 ||     5
         Divine Exegesis   |       |       |       |       |     1 |       ||     1
  Evoke: Wand              |       |     1 |     1 |       |     9 |       ||    11
         Lightning rod     |       |       |       |     5 |       |       ||     5
    Use: Potion            |       |       |     3 |     2 |     7 |     2 ||    14
         Scroll            |       |       |       |       |    22 |     4 ||    26
   Stab: Sleeping          |     8 |       |       |     7 |    36 |     1 ||    52
         Distracted        |       |       |       |       |     3 |       ||     3
 Armour: Robe              |     7 |    13 |    16 |    77 |   175 |    17 ||   305
         Skin              |       |       |    35 |       |       |       ||    35
  Dodge: Dodged            |    19 |    15 |    59 |   177 |   495 |    78 ||   843
  Block: Buckler           |       |       |       |       |    21 |     4 ||    25
         Reflection        |       |       |       |       |     8 |     5 ||    13
         Orb               |       |       |       |       |       |    12 ||    12
